 Dungeon Crawl Stone Soup version 0.28-a0-533-g9f97627e2a (webtiles) character file.

Game seed: 12743211303715908175

79 Spaninq the Chopper (level 4, 0/41 HPs)
             Began as a Hill Orc Delver on Sept 25, 2021.
             Succumbed to a scorpion's poison
             ... on level 3 of the Dungeon.
             The game lasted 00:06:11 (2930 turns).

Spaninq the Chopper (Hill Orc Delver)               Turns: 2930, Time: 00:06:11

Health: 0/41       AC:  9    Str: 15    XL:     4   Next: 37%
Magic:  4/4        EV:  6    Int: 10    God:
Gold:   129        SH:  0    Dex: 12    Spells: 3/3 levels left

rFire   . . .      SeeInvis .   a - +0 hand axe
rCold   + . .      Faith    .   (no shield)
rNeg    . . .      Spirit   .   r - +0 chain mail
rPois   .          Reflect  .   (no helmet)
rElec   .          Harm     .   l - +0 cloak
rCorr   .          Rampage  .   (no gloves)
Will    .....                   (no boots)
Stlth   ..........              (no amulet)
HPRegen 0.13/turn               m - ring of protection from cold
MPRegen 0.09/turn               (no ring)

@: lethally poisoned (0 -> -11)
A: no striking features
a: no special abilities


You were on level 3 of the Dungeon.
You visited 1 branch of the dungeon, and saw 5 of its levels.

You collected 129 gold pieces.

Inventory:

Hand Weapons
 a - a +0 hand axe (weapon)
 i - a +2 whip of holy wrath
Armour
 l - a +0 cloak (worn)
 r - a +0 chain mail (worn)
Jewellery
 k - a ring of wizardry
 m - a ring of protection from cold (left hand)
 n - a ring of ice
Wands
 g - a wand of digging (3)
Scrolls
 b - 2 scrolls of enchant armour {unknown}
 c - a scroll of fog
 d - a scroll of magic mapping
 e - 2 scrolls of fear
 h - a scroll of acquirement {unknown}
 j - 3 scrolls of identify {unknown}
 q - a scroll of holy word {unknown}
 t - a scroll of amnesia {unknown}
Potions
 f - a potion of haste
 p - a potion of flight


   Skills:
 + Level 4.3 Fighting
 * Level 4.6 Axes
 + Level 1.9 Armour
 - Level 1.5 Dodging
 - Level 4.1 Stealth


You had 3 spell levels left.
You didn't know any spells.
Your spell library contained the following spells:

 Spells                   Type           Power      Damage    Failure   Level
 Animate Skeleton         Necr           0%         N/A       100%        1
 Pain                     Necr           0%         1d4       100%        1
 Vampiric Draining        Necr           0%         2d6       100%        3


Dungeon Overview and Level Annotations

Branches:
Dungeon (5/15)
 Temple: D:4-7

Altars:


Message History

You feel very sick. The scorpion stings you.
You hit the scorpion but do no damage.
The scorpion is lightly wounded.
You feel sick. The scorpion stings you.
You are more poisoned.
The scorpion poisons you!
You hit the scorpion but do no damage.
The scorpion is lightly wounded.
You feel very sick.
The scorpion stings you but does no damage.
The scorpion stings you.
You are lethally poisoned!
The scorpion poisons you!
It was a potion of resistance.
You feel protected.
You feel extremely sick. The scorpion closely misses you.
It was a potion of cancellation.
Your magical effects are unravelling.
You feel magically purged.
You float gracefully downwards.
Your resistance to elements expires.
* * * LOW HITPOINT WARNING * * *
You feel very sick. The scorpion completely misses you.
Okay, then.
You hit the scorpion.
The scorpion is heavily wounded.
* * * LOW HITPOINT WARNING * * *
You feel very sick.
The scorpion stings you but does no damage.
You hit the scorpion.
The scorpion is heavily wounded.
* * * LOW HITPOINT WARNING * * *
You feel very sick. The scorpion barely misses you.
The scorpion stings you but does no damage.
You hit the scorpion.
The scorpion is severely wounded.
You die...

###########......+
######### #
....<....w.......#
........# #
###########.######
........### ####.#####
...........
#........#######.......###
###...............#####...#
#.................# #.#.#
#.................# #.#.#
#......####@......# #.#.#
#......# #s......# #.#.#
####......####.......#
#.#.#
#.............)..>....
#.#.#
#........#####.......# #.#
#........#########.... #.#
#...........# .... #.#
#....#......# ... #.#
#....#......# ######.#


You could see a scorpion.

Vanquished Creatures
  A gnoll (D:1)
  An adder (D:2)
  2 worms (D:2)
  2 ball pythons (D:2)
  5 bats
  5 endoplasms
  2 giant cockroaches (D:1)
  5 hobgoblins
  6 jackals (D:1)
  2 quokkas (D:2)
  3 frilled lizards (D:1)
  4 goblins
  5 kobolds
  6 rats
49 creatures vanquished.

Notes
Turn   | Place    | Note
-------+----------+-------------------------------------------
     0 | D:5      | Spaninq the Hill Orc Delver began the quest for the Orb.
     0 | D:5      | Reached XP level 1. HP: 19/19 MP: 1/1
    43 | D:4      | Noticed an orc wizard
   221 | D:2      | Reached XP level 2. HP: 27/27 MP: 2/2
   307 | D:1      | Reached skill level 1 in Armour
   473 | D:1      | Found a faded altar of an unknown god.
   535 | D:1      | Reached XP level 3. HP: 31/33 MP: 3/3
  1598 | D:2      | Reached XP level 4. HP: 40/40 MP: 4/4
  2907 | D:3      | Noticed a scorpion
  2929 | D:3      | HP: 2/41 [poisoned by a scorpion]
  2930 | D:3      | Succumbed to a scorpion's poison

Illustrated notes

Levels and vault maps discovered:
D:1:      dpeg_arrival_orchard, layout_basic, ebering_ecumenical_altar_box,
          minmay_tromino_i4
D:2:      layout_loops_corners, minivault_24, roderic_lattice_a,
          hangedman_abyss_or_decor_stabs
D:3:      layout_basic
D:4:      layout_cave_pools, minmay_misc_feat_x, uniq_menkaure, uniq_eustachio
D:5:      layout_cave_pools, zin_angel, gammafunk_temple_overflow_forgotten,
          grunt_ministairs_9, uniq_pikel, uniq_crazy_yiuf_cottage

Skill      XL: |  1  2  3 |
---------------+----------+-----
Axes           | 3 4 |  4.6
Armour         | 1 |  1.9
Fighting       | 4 |  4.3
Dodging        | |  1.5
Stealth        | |  4.1

Action                   |  1- 3 |  4- 6 || total
-------------------------+-------+-------++-------
Melee: Hand axe          |   115 |    87 ||   202
  Use: Potion            |       |     4 ||     4
 Stab: Sleeping          |     8 |       ||     8
Armor: Leather armour    |     4 |       ||     4
       Ring mail         |    39 |    14 ||    53
       Chain mail        |       |    21 ||    21
Dodge: Dodged            |    58 |    27 ||    85

Table legend: (Time is in decaauts)
 A = Elapsed time spent in this place.
 B = Non-inter-level travel time spent in this place.
 C = Inter-level travel time spent in this place.
 D = Time resting spent in this place.
 E = Time spent auto-exploring this place.
 F = Levels seen in this place.
 G = Mean time per level.
                   A        B        C        D        E       F      G
               +--------+--------+--------+--------+--------+-----+--------+
         Total |   2947 |   2818 |    129 |      0 |   2080 |   5 |  589.4 |
       Dungeon |   2947 |   2818 |    129 |      0 |   2080 |   5 |  589.4 |
               +--------+--------+--------+--------+--------+-----+--------+

Top non-repeatable levels by time:
     D:2: 1313 daAuts
     D:1: 1243 daAuts
     D:3: 271 daAuts
     D:4: 96 daAuts
     D:5: 23 daAuts
